 Dungeon Crawl Stone Soup version 0.17-a0-1900-g45e8110 (webtiles) character file.

320539 graki42 the Executioner (level 20, -2/189 HPs)
             Began as a Minotaur Fighter on Sept 24, 2015.
             Was a High Priest of Okawaru.
             Killed from afar by a starcursed mass (5 damage)
             ... with an accursed screaming
             ... on level 2 of the Abyss.
             The game lasted 04:15:33 (42483 turns).

graki42 the Executioner (Minotaur Fighter)         Turns: 42483, Time: 04:15:34

Health: -2/189     AC: 40    Str: 32      XL:     20   Next: 62%
Magic:  22/24      EV: 16    Int:  5 (6)  God:    Okawaru [*****.]
Gold:   4262       SH: 28    Dex: 13      Spells: 0 memorised, 19 levels left

rFire  . . .     SeeInvis .     A - +6 war axe (flame)
rCold  . . .     Clarity  .     t - +0 crystal plate armour
rNeg   + . .     SustAt   .     u - +0 large shield
rPois  .         Gourm    .     c - +1 hat "Faerripta" {Regen+ Str+3}
rElec  .         Spirit   .     B - +2 cloak {+Inv}
rCorr  .         Warding  +     K - +3 pair of gauntlets of War {Slay+5}
rMut   .         Stasis   .     l - +0 pair of boots {Fly}
MR     ++...                    p - amulet of Bableyliny {Ward rN+ Dex+3}
Stlth  ..........               J - +5 ring of evasion
                                Q - ring of protection from magic

@: heroism, flying, non-regenerating, mildly diseased, very resistant to hostile
enchantments, extremely unstealthy
A: retaliatory headbutt, horns 2, no device heal 1
a: Heroism, Finesse, Renounce Religion, Evoke Invisibility, Stop Flying
}: 2/15 runes: serpentine, barnacled


You were on level 2 of the Abyss.
You worshipped Okawaru.
Okawaru was extremely pleased with you.
You were full.

You visited 7 branches of the dungeon, and saw 39 of its levels.
You visited the Abyss 1 time.
You also visited: Ossuary, Ice Cave and Volcano.

You collected 5601 gold pieces.
You spent 1339 gold pieces at shops.

Inventory:

Hand weapons
 A - a +6 war axe of flaming (weapon)
 G - a +2 vampiric war axe
 H - a +3 war axe of freezing
 U - a +3 war axe of electrocution
Armour
 c - the +1 hat "Faerripta" (worn) {Regen+ Str+3}
   (Okawaru gifted it to you on level 4 of the Snake Pit)

   It affects your strength (+3).
   It increases your rate of regeneration.
 l - a +0 pair of boots of flying (worn)
 t - a +0 crystal plate armour (worn)
 u - a +0 large shield (worn)
 B - a +2 cloak of invisibility (worn)
 K - the +3 pair of gauntlets of War (worn) {Slay+5}
   (You found it on level 8 of the Dungeon)

   It affects your accuracy and damage with ranged weapons and melee attacks
   (+5).
Jewellery
 d - an uncursed ring of sustain attributes
 o - the ring "Hyinikky" {rPois rF+ rN++ MP+9 Int+2}
   (You acquired it on level 2 of the Lair of Beasts)

   [ring of protection from fire]

   It affects your intelligence (+2).
   It protects you from fire.
   It protects you from poison.
   It greatly protects you from negative energy.
   It affects your magic capacity (+9).
 p - the amulet of Bableyliny (around neck) {Ward rN+ Dex+3}
   (You acquired it on level 3 of the Snake Pit)

   [amulet of warding]

   It may prevent the melee attacks of summoned creatures.
   It affects your dexterity (+3).
   It protects you from negative energy.
 r - an uncursed ring of invisibility
 F - an uncursed amulet of the gourmand
 J - a +5 ring of evasion (right hand)
 O - an uncursed amulet of resist corrosion
 Q - a ring of protection from magic (left hand)
 V - a +3 ring of intelligence {unknown}
Magical devices
 h - a wand of teleportation (6)
 w - a wand of digging (9)
 x - a wand of fire (8)
 C - a wand of slowing (24)
 L - a wand of heal wounds (4)
 M - a wand of hasting (7)
 R - a wand of disintegration (9)
Scrolls
 a - 4 scrolls of amnesia
 b - 10 scrolls of identify
 g - 9 scrolls of remove curse
 j - a scroll of enchant armour
 k - 2 scrolls of blinking
 s - 5 scrolls of fog
 v - 7 scrolls of teleportation
 y - 2 scrolls of recharging
 E - 3 scrolls of magic mapping
 I - a scroll of silence
 W - 4 scrolls of fear
 Y - a scroll of enchant weapon
Potions
 f - 10 potions of curing
 i - 3 potions of haste
 q - a potion of magic
 z - 13 potions of heal wounds
 N - a potion of resistance
 P - 4 potions of might
 T - a potion of cure mutation
Miscellaneous
 n - a lamp of fire
 S - a stone of tremors
 X - a disc of storms
Comestibles
 e - 18 bread rations
 m - 2 meat rations
 D - 4 beef jerkies


   Skills:
 + Level 18.9(23.9) Fighting
 + Level 23.9(27) Axes
 + Level 17.3(22.3) Armour
 - Level 1.4(6.4) Dodging
 + Level 22.8(27) Shields
 + Level 7.0 Invocations
 + Level 1.0 Evocations


You had 19 spell levels left.
You didn't know any spells.

Dungeon Overview and Level Annotations

Branches:
Dungeon (15/15)            Temple (0/1) D:6            Lair (8/8) D:10
 Shoals (4/4) Lair:4        Snake (4/4) Lair:4        Slime (0/6) Lair:8
    Orc (4/4) D:9             Elf (3/3) Orc:4        Vaults (0/5) D:13
 Depths (1/5) D:15

Altars:
Ashenzari
Cheibriados
Fedhas
Gozag
Kikubaaqudgha
Nemelex Xobeh
Okawaru
Qazlal
Trog
Vehumet
Xom
Zin
The Shining One
Beogh
Jiyva

Shops:
Orc:4 }[!!   Elf:1 =   Shoals:4 :(:=

Portals:
Abyss: Depths:1

Annotations:
D:13 Maurice


Innate Abilities, Weirdness & Mutations

You reflexively headbutt those who attack you in melee.
You have a pair of horns on your head.
Potions and wands are less effective at restoring your health.


Message History

The living lightning hits you!
* * * LOW HITPOINT WARNING * * *
The living lightning hits the raiju.
The raiju completely resists.
The raiju blinks!
Unknown command.
You slash the starcursed mass! You burn the starcursed mass!
You headbutt the starcursed mass!
You destroy the starcursed mass!
You barely miss the raiju.
The raiju is almost dead.
You hit the ynoxinul but do no damage.
The ynoxinul is almost dead.
You slash the raiju! You burn the raiju.
The raiju is heavily wounded.
The raiju bursts into living lightning!
The living lightning hits you!
* * * LOW HITPOINT WARNING * * *
The raiju blinks!
A starcursed mass splits.
A chorus of shrieks assaults your mind.
You die...

...........##.# #
#...........#....
...........#.#..
..h.........#.#
..#.... ....##
.§.....##.....##
.....53........#.≈
.....h§@....§h. #
#####...h......#≈.
###.X.)...##
##.XX..###
#..#...##
#......## ≈ #.
..v....≈.. ##.
....##≈##. ##. .
..## ≈♣


You could see 3 starcursed masses, 4 raiju, a ynoxinul and an ufetubus.

Vanquished Creatures
  Vashnia (Snake:4)
  A lich (Abyss:2)
  A tentacled monstrosity (Abyss:2)
  2 deep elf blademasters
  A kraken (Shoals:1)
  Polyphemus (Shoals:3)
  An octopode crusher (Shoals:3)
  Agnes (Snake:4)
  8 tentacled starspawn
  Frances (Shoals:2)
  14 greater nagas
  Ilsuiw (Shoals:4)
  An orc warlord (Orc:4)
  The ghost of Kaziganthi the Shatterer, a powerful MiBe of Trog (D:15)
  Donald (Elf:3)
  Maud (Lair:4)
  An angel (Abyss:2)
  A deep elf sorcerer (Elf:3)
  The ghost of emiel the Geomancer, a powerful NaEE of Cheibriados (Lair:6)
  A deep elf demonologist (Elf:1)
  A white draconian (IceCv)
  2 salamander stormcallers
  A deep elf death mage (Elf:3)
  5 merfolk javelineers (Shoals:4)
  16 merfolk impalers
  A deep elf high priest (Elf:1)
  Fannar (D:11)
  2 ice dragons
  3 centaur warriors
  16 naga warriors
  13 hydras
  7 merfolk aquamancers
  A great orb of eyes (Abyss:1)
  3 merfolk avatars
  4 alligator snapping turtles
  A catoblepas (Shoals:3)
  13 dancing weapons (Elf:2)
  An ogre mage (D:15)
  4 satyrs
  10 anacondas
  A queen ant (Lair:6)
  2 orc high priests (Orc:4)
  9 death yaks
  Urug (Lair:2)
  6 thrashing horrors (Abyss:2)
  A sun demon (Abyss:2)
  2 ice devils (D:15)
  Nergalle (Orc:1)
  16 deep elf knights
  19 naga sharpshooters
  3 wretched stars
  The ghost of Kaziganthi the Cleaver, an experienced GrBe of Trog (D:8)
  7 shock serpents
  A storm dragon skeleton (Abyss:2)
  4 unseen horrors
  17 starcursed masses (Abyss:2)
  12 large abominations
  16 sea snakes
  8 naga ritualists
  7 wizards (D:11)
  5 salamander mystics
  Pikel (D:7)
  3 hill giants
  8 deep elf summoners
  13 harpies
  6 orc knights
  8 griffons
  15 fauns
  A lindwurm (Lair:8)
  4 cyclopes
  8 deep elf conjurers
  4 oklob plants (Snake:2)
  A griffon (shapeshifter) (D:15)
  10 ugly things
  9 mana vipers
  2 sixfirhies (Abyss:2)
  11 manticores
  16 sirens
  6 elephants (Lair:8)
  11 water nymphs
  A rust devil (Abyss:2)
  An orc sorcerer (Orc:4)
  2 worldbinders (Abyss:2)
  21 salamanders
  The ghost of ololoev the Chopper, an experienced DDGl (Ossuary)
  2 molten gargoyles (Volcano)
  Joseph (D:8)
  10 spiny frogs
  4 guardian serpents
  2 gargoyles
  26 naga magi
  3 orange demons (Abyss:2)
  29 black mambas
  5 torpor snails (Lair:8)
  5 smoke demons
  3 fire drakes
  A yaktaur (D:15)
  2 efreet
  4 hellwings
  8 ancient zymes
  11 komodo dragons
  2 giant leeches (Lair:8)
  22 merfolk
  2 demonic crawlers
  4 trolls
  13 polar bears
  4 two-headed ogres
  2 wind drakes
  9 deep elf priests
  A fire dragon zombie (Abyss:2)
  8 snapping turtles
  30 blink frogs
  5 boulder beetles
  An alligator skeleton (Abyss:2)
  Sigmund (D:5)
  10 water elementals
  A fire elemental (Volcano)
  A ynoxinul (Abyss:2)
  The ghost of Anothat the Conjurer, an average DECj (D:4)
  6 raiju (Abyss:2)
  An emperor scorpion simulacrum (Abyss:2)
  7 basilisks
  52 yaks
  A spriggan (D:7)
  3 wraiths
  5 wyverns
  Grum (D:8)
  30 wolves
  2 steam dragons
  5 vampire mosquitoes
  24 deep elf magi
  11 hippogriffs
  4 chaos spawn (Abyss:2)
  2 neqoxecs (Abyss:2)
  Menkaure (Ossuary)
  20 deep elf fighters
  4 hungry ghosts
  A hippogriff (shapeshifter) (D:15)
  A mottled dragon (D:13)
  Edmund (D:4)
  3 insubstantial wisps
  A warg (Orc:4)
  20 soldier ants (Lair:6)
  4 swamp worms (Lair:1)
  3 ice beasts
  42 orc warriors
  2 black bears
  2 eyes of draining
  55 nagas
  2 necrophages (D:8)
  2 phantoms
  3 wasps (Lair:8)
  17 water moccasins
  10 porcupines
  7 sky beasts
  4 slaves (D:7)
  A fire dragon simulacrum (Abyss:2)
  7 boggarts
  13 ogres
  8 centaurs
  3 big kobolds
  16 crocodiles
  9 brain worms
  21 giant frogs
  A gnoll sergeant (D:11)
  A wyvern skeleton (D:15)
  A wyvern zombie (D:8)
  2 scorpions
  11 killer bees
  4 jellies
  18 small abominations
  5 crimson imps
  23 wights
  6 electric eels
  A giant frog zombie (D:8)
  3 giant frog skeletons
  30 orc priests
  7 hounds
  2 iron imps (Abyss:2)
  A quasit (D:9)
  24 worker ants
  7 centaur skeletons
  11 iguanas
  48 orc wizards
  A killer bee zombie (D:6)
  15 sheep
  2 hound zombies (D:10)
  4 mummies
  2 worker ant zombies
  2 hound skeletons
  14 adders
  53 river rats
  6 gnolls
  3 white imps
  5 shadow imps
  2 oozes (Lair:8)
  2 ufetubi
  29 worms
  An adder skeleton (D:7)
  2 adder zombies
  6 giant geckos
  216 orcs
  5 bats
  2 gnoll zombies (Ossuary)
  2 goblins
  9 hobgoblins
  A jackal (D:4)
  4 giant cockroaches
  4 giant newts
  3 gnoll skeletons (Ossuary)
  2 goblin skeletons (Ossuary)
  2 goblin zombies (Ossuary)
  4 hobgoblin skeletons (Ossuary)
  2 hobgoblin zombies (Ossuary)
  22 kobolds
  2 kobold skeletons (Ossuary)
  5 kobold zombies (Ossuary)
  An orc skeleton (Ossuary)
  6 orc zombies (Ossuary)
  3 quokkas
  A quokka skeleton (D:7)
  8 rats
  5 rat skeletons (Ossuary)
  3 rat zombies (Ossuary)
  3 bushes (D:13)
  2 crawling corpses (Elf:1)
  2 fungi
  5 plants
  4 starspawn tentacles (Abyss:2)
  2 tentacles (Shoals:1)
1803 creatures vanquished.

Vanquished Creatures (others)
  A deep elf demonologist (Elf:1)
  A harpy (Shoals:3)
  A molten gargoyle (Volcano)
  A komodo dragon (Lair:4)
  A polar bear (IceCv)
  A small abomination (Abyss:2)
  3 yaks
  A swamp worm (Lair:1)
  A porcupine (Lair:2)
  A killer bee (D:9)
  A hound (D:10)
  A giant frog skeleton (D:9)
  An iguana (Lair:2)
  4 river rats
  2 worms (Lair:1)
  A gnoll skeleton (Ossuary)
  4 goblin skeletons (Ossuary)
  3 goblin zombies (Ossuary)
  2 hobgoblin skeletons (Ossuary)
  A kobold zombie (Ossuary)
  A rat skeleton (Ossuary)
  A rat zombie (Ossuary)
  11 fungi
  22 plants
  17 starspawn tentacles
  40 starspawn tentacle segments (Abyss:2)
  2 tentacles (Shoals:1)
  23 tentacle segments (Shoals:1)
149 creatures vanquished.

Grand Total: 1952 creatures vanquished

Notes
Turn   | Place    | Note
--------------------------------------------------------------
     0 | D:1      | graki42 the Minotaur Fighter began the quest for the Orb.
     0 | D:1      | Reached XP level 1. HP: 19/19 MP: 0/0
   217 | D:1      | Reached skill level 4 in Fighting
   217 | D:1      | Reached XP level 2. HP: 17/27 MP: 1/1
   556 | D:2      | Reached XP level 3. HP: 33/33 MP: 2/2
  1426 | D:3      | Noticed an ogre
  1435 | D:3      | Killed an ogre
  1435 | D:3      | Reached skill level 1 in Dodging
  1435 | D:3      | Reached XP level 4. HP: 22/41 MP: 3/3
  1480 | D:3      | Reached XP level 5. HP: 21/47 MP: 4/4
  1706 | D:3      | Found an iron altar of Okawaru.
  1719 | D:3      | Became a worshipper of Warmaster Okawaru
  1962 | D:3      | Noticed a moth of wrath
  1965 | D:3      | Found a bloodstained altar of Trog.
  2399 | D:3      | Reached skill level 5 in Armour
  2476 | D:4      | Noticed Edmund
  2482 | D:4      | Killed Edmund
  2482 | D:4      | Reached skill level 5 in Fighting
  2482 | D:4      | Reached skill level 5 in Shields
  2482 | D:4      | Reached XP level 6. HP: 54/56 MP: 5/5
  2658 | D:4      | Acquired Okawaru's first power
  2797 | D:4      | Noticed an ogre
  2803 | D:4      | Killed an ogre
  2803 | D:4      | Reached skill level 6 in Armour
  2803 | D:4      | Reached XP level 7. HP: 61/61 MP: 6/6
  2818 | D:4      | Noticed a centaur
  2838 | D:4      | Killed a centaur
  2927 | D:4      | Reached skill level 5 in Axes
  3145 | D:4      | Noticed Anothat's ghost (average DECj)
  3181 | D:4      | Killed Anothat's ghost
  3755 | D:5      | Entered Level 5 of the Dungeon
  3771 | D:5      | Found an opulent altar of Gozag.
  3771 | D:5      | Found a glowing silver altar of Zin.
  3833 | D:5      | Noticed Sigmund
  3843 | D:5      | Killed Sigmund
  3843 | D:5      | Reached skill level 7 in Armour
  3843 | D:5      | Reached XP level 8. HP: 63/70 MP: 7/7
  4006 | D:5      | Found a sand-covered staircase.
  4012 | Ossuary  | Entered an ossuary
  4054 | Ossuary  | Noticed ololoev's ghost (experienced DDGl)
  4080 | Ossuary  | Killed ololoev's ghost
  4285 | Ossuary  | Noticed Menkaure
  4297 | Ossuary  | Killed Menkaure
  4686 | D:5      | Found a sparkling altar of Nemelex Xobeh.
  5053 | D:6      | Found an ancient bone altar of Kikubaaqudgha.
  5059 | D:6      | Reached skill level 8 in Armour
  5063 | D:6      | Found a glowing golden altar of the Shining One.
  5101 | D:6      | Found a staircase to the Ecumenical Temple.
  5171 | D:6      | Reached XP level 9. HP: 73/79 MP: 8/8
  5789 | D:7      | Found a shimmering altar of Xom.
  5789 | D:7      | Found a shimmering altar of Xom.
  5789 | D:7      | Found a shimmering altar of Xom.
  5789 | D:7      | Found a shimmering altar of Xom.
  5789 | D:7      | Found a shimmering altar of Xom.
  5789 | D:7      | Found a shimmering altar of Xom.
  5805 | D:7      | Reached skill level 9 in Shields
  5947 | D:7      | Found a shimmering altar of Xom.
  5947 | D:7      | Found a shimmering altar of Xom.
  6090 | D:7      | Noticed Pikel
  6100 | D:7      | Killed Pikel
  6137 | D:7      | Found a stormy altar of Qazlal.
  6302 | D:8      | Noticed Kaziganthi's ghost (experienced GrBe)
  6315 | D:8      | Killed Kaziganthi's ghost
  6315 | D:8      | Received a gift from Okawaru
  6315 | D:8      | Reached skill level 10 in Shields
  6315 | D:8      | Reached XP level 10. HP: 70/88 MP: 7/9
  6369 | D:8      | Noticed Grum
  6382 | D:8      | Reached skill level 10 in Armour
  6392 | D:8      | Killed Grum
  6455 | D:8      | Acquired Okawaru's second power
  6714 | D:8      | Reached skill level 10 in Axes
  6734 | D:8      | Found a shattered altar of Ashenzari.
  6767 | D:8      | Noticed Joseph
  6778 | D:8      | Killed Joseph
  6898 | D:8      | Found a snail-covered altar of Cheibriados.
  7160 | D:9      | Found a staircase to the Orcish Mines.
  7198 | D:9      | Reached skill level 11 in Shields
  7268 | D:9      | Found a roughly hewn altar of Beogh.
  7562 | D:9      | Found a snail-covered altar of Cheibriados.
  7704 | D:9      | Noticed an eight-headed hydra
  7704 | D:9      | Noticed an ice dragon
  7708 | D:9      | Noticed a hill giant
  8129 | Orc:1    | Entered Level 1 of the Orcish Mines
  8133 | Orc:1    | Noticed Nergalle
  8153 | Orc:1    | Killed Nergalle
  8153 | Orc:1    | Reached skill level 1 in Invocations
  8153 | Orc:1    | Reached XP level 11. HP: 36/95 MP: 7/10
  8404 | D:9      | Killed an ice dragon
  8724 | D:10     | Entered Level 10 of the Dungeon
  8777 | D:10     | Noticed a hill giant
  8787 | D:10     | Killed a hill giant
  8921 | D:10     | Found a staircase to the Lair.
  9193 | D:10     | Noticed a hill giant
  9197 | D:10     | Killed a hill giant
  9244 | D:10     | Reached skill level 12 in Shields
  9693 | Lair:1   | Entered Level 1 of the Lair of Beasts
  9913 | Lair:1   | Found a shattered altar of Ashenzari.
 10273 | Lair:1   | Lost intelligence.
 10551 | Lair:2   | Found a dark tunnel.
 10562 | Volcano  | Entered a volcano
 10583 | Volcano  | Noticed a lindwurm
 11035 | Lair:2   | Noticed Urug
 11268 | Lair:2   | Reached skill level 10 in Fighting
 11363 | Lair:2   | Received a gift from Okawaru
 11380 | Lair:2   | Reached XP level 12. HP: 80/106 MP: 13/13
 11533 | Lair:2   | Reached skill level 13 in Shields
 12806 | Lair:4   | Found a staircase to the Shoals.
 12864 | Lair:4   | Noticed Maud
 12881 | Lair:4   | Killed Maud
 13276 | Lair:4   | Reached skill level 14 in Shields
 13284 | Lair:4   | Found a staircase to the Snake Pit.
 13387 | Lair:4   | You fall through a shaft for 2 floors!
 13463 | Lair:5   | Noticed a six-headed hydra
 13546 | Lair:5   | Killed a three-headed hydra
 13592 | Lair:5   | Received a gift from Okawaru
 13592 | Lair:5   | Reached XP level 13. HP: 59/115 MP: 15/15
 14134 | Lair:5   | Noticed a six-headed hydra
 14140 | Lair:5   | Killed a two-headed hydra
 14671 | Lair:6   | Noticed a seven-headed hydra
 14678 | Lair:6   | Killed a three-headed hydra
 14760 | Lair:6   | Reached skill level 15 in Shields
 15036 | Lair:6   | Noticed emiel's ghost (powerful NaEE)
 15068 | Lair:6   | Killed emiel's ghost
 15068 | Lair:6   | Received a gift from Okawaru
 15463 | Lair:7   | Reached skill level 15 in Axes
 15846 | Lair:7   | Reached XP level 14. HP: 117/127 MP: 16/16
 16524 | Lair:8   | Entered Level 8 of the Lair of Beasts
 16887 | Lair:8   | Found a runed door.
 16887 | Lair:8   | Found a viscous altar of Jiyva.
 16887 | Lair:8   | Found a staircase to the Slime Pits.
 16903 | Lair:8   | Reached skill level 16 in Axes
 17223 | Lair:8   | Found a runed door.
 17250 | Lair:8   | Received a gift from Okawaru
 17855 | Lair:2   | Killed Urug
 17892 | Lair:2   | Identified a scroll of acquirement
 17895 | Lair:2   | Got a pitted iron ring
 17897 | Lair:2   | Identified the ring "Hyinikky" {rPois rF+ rN++ MP+9 Int+2} (You acquired it on level 2 of the Lair of Beasts)
 17909 | Lair:2   | Gained mutation: You evolve. [potion of mutation]
 17909 | Lair:2   | Gained mutation: You have an increased reservoir of magic (+10% MP). [potion of mutation]
 17909 | Lair:2   | Gained mutation: You are agile. (Dex +2) [potion of mutation]
 18014 | D:9      | Killed a 14-headed hydra
 18193 | Orc:1    | Found a shimmering altar of Xom.
 18296 | Orc:1    | Found a roughly hewn altar of Beogh.
 18675 | Orc:4    | Entered Level 4 of the Orcish Mines
 19726 | Orc:4    | Found a roughly hewn altar of Beogh.
 19741 | Orc:4    | Found Xoriuzat's Distillery.
 19952 | Orc:4    | Found a roughly hewn altar of Beogh.
 19971 | Orc:4    | Found a staircase to the Elven Halls.
 19987 | Orc:4    | Found a roughly hewn altar of Beogh.
 20334 | Orc:4    | Noticed an orc warlord
 20347 | Orc:4    | Reached skill level 5 in Invocations
 20352 | Orc:4    | Killed an orc warlord
 20369 | Orc:4    | Found Askal's Antique Armour Boutique.
 20370 | Orc:4    | Found a roughly hewn altar of Beogh.
 20376 | Orc:4    | Found Noumn's Antique Weapon Shop.
 20597 | Orc:4    | Bought a pair of embroidered boots for 130 gold pieces
 20659 | Orc:4    | Found Etotob's Gadget Shoppe.
 20810 | Orc:4    | Found a roughly hewn altar of Beogh.
 20860 | Orc:4    | Found a roughly hewn altar of Beogh.
 20927 | Orc:4    | Found a roughly hewn altar of Beogh.
 20928 | Orc:4    | Found Vakhunas's Distillery.
 20943 | Orc:4    | Reached skill level 17 in Axes
 20950 | Orc:4    | Bought a potion of heal wounds for 50 gold pieces
 20950 | Orc:4    | Bought a potion of heal wounds for 50 gold pieces
 20950 | Orc:4    | Bought a potion of mutation for 25 gold pieces
 20950 | Orc:4    | Gained mutation: Your mind is acute. (Int +2) [potion of mutation]
 20950 | Orc:4    | Gained mutation: You are partially covered in iridescent scales (AC +4). [potion of mutation]
 21280 | Lair:2   | Reached XP level 15. HP: 137/137 MP: 19/19
 21327 | Lair:2   | Gained mutation: You possess an exceptional clarity of mind. [evolution]
 21393 | Snake:1  | Entered Level 1 of the Snake Pit
 22297 | Snake:2  | Received a gift from Okawaru
 23598 | Snake:3  | Noticed a greater naga
 23601 | Snake:3  | Reached skill level 18 in Axes
 23613 | Snake:3  | Killed a greater naga
 23830 | Snake:3  | Lost mutation: You possess an exceptional clarity of mind. [evolution]
 23879 | Snake:3  | Received a gift from Okawaru
 23913 | Snake:4  | Entered Level 4 of the Snake Pit
 23913 | Snake:4  | Noticed a greater naga
 23928 | Snake:4  | Killed a greater naga
 23928 | Snake:4  | Reached skill level 15 in Armour
 24350 | Snake:4  | Reached XP level 16. HP: 114/147 MP: 21/21
 24480 | Snake:4  | Noticed a greater naga
 24487 | Snake:4  | Killed a greater naga
 24548 | Snake:4  | Received a gift from Okawaru
 24685 | Snake:4  | Noticed a greater naga
 24686 | Snake:4  | Noticed a greater naga
 24697 | Snake:4  | Noticed a greater naga
 24700 | Snake:4  | Noticed a greater naga
 24706 | Snake:4  | Killed a greater naga
 24712 | Snake:4  | Reached skill level 15 in Fighting
 24720 | Snake:4  | Killed a greater naga
 24721 | Snake:4  | Noticed a greater naga
 24729 | Snake:4  | Killed a greater naga
 24839 | Snake:4  | Received a gift from Okawaru
 24840 | Snake:4  | Got an ichor-stained hat {god gift}
 24841 | Snake:4  | Noticed a greater naga
 24852 | Snake:4  | Killed a greater naga
 25003 | Snake:4  | Killed a greater naga
 25259 | Snake:4  | Reached skill level 19 in Axes
 25418 | Snake:4  | Gained mutation: Armour fits poorly on your strangely shaped body. [evolution]
 25418 | Snake:4  | Lost mutation: You evolve. [end of evolution]
 25419 | Snake:4  | Lost mutation: Armour fits poorly on your strangely shaped body. [potion of cure mutation]
 25419 | Snake:4  | Lost mutation: Your mind is acute. (Int +2) [potion of cure mutation]
 25419 | Snake:4  | Lost mutation: You are agile. (Dex +2) [potion of cure mutation]
 25419 | Snake:4  | Lost mutation: You are partially covered in iridescent scales (AC +4). [potion of cure mutation]
 25419 | Snake:4  | Lost mutation: You have an increased reservoir of magic (+10% MP). [potion of cure mutation]
 25526 | Snake:4  | Noticed Vashnia
 25527 | Snake:4  | Noticed a greater naga
 26813 | Lair:2   | Identified the +1 hat "Faerripta" {Regen+ Str+3} (Okawaru gifted it to you on level 4 of the Snake Pit)
 26904 | Shoals:1 | Entered Level 1 of the Shoals
 26991 | Shoals:3 | Noticed Polyphemus
 26994 | Shoals:4 | Entered Level 4 of the Shoals
 26995 | Shoals:4 | Found Uthris's Jewellery Shoppe.
 27028 | Shoals:4 | Bought a +4 ring of protection for 684 gold pieces
 27042 | Shoals:4 | Found Bezxuf's Book Boutique.
 27282 | Shoals:4 | Found Kirocet's Book Shop.
 27401 | Shoals:4 | Noticed Ilsuiw
 27401 | Shoals:4 | Found Sewuraro's Antique Weapon Shop.
 27443 | Shoals:4 | Killed Ilsuiw
 27445 | Shoals:4 | Received a gift from Okawaru
 27448 | Shoals:4 | Got an ancient broad axe {god gift}
 27449 | Shoals:4 | Identified the +5 broad axe of Fyegebb {flame, rF+ Str-3 Int+2 Dex+3} (Okawaru gifted it to you on level 4 of the Shoals)
 27686 | Shoals:4 | Reached XP level 17. HP: 124/156 MP: 20/20
 27730 | Shoals:4 | Got a transparent flail {distort}
 27731 | Shoals:4 | Identified the cursed +2 flail of Causality {distort, rC+ Dex+3} (You took it off a merfolk impaler on level 4 of the Shoals)
 27846 | Shoals:4 | Got a barnacled rune of Zot
 27966 | Shoals:4 | Received a gift from Okawaru
 28192 | Shoals:3 | Reached skill level 20 in Axes
 28383 | Shoals:3 | Killed Polyphemus
 29477 | Shoals:2 | Received a gift from Okawaru
 29478 | Shoals:2 | Got a bone hunting sling {god gift}
 29479 | Shoals:2 | Identified the +3 hunting sling of the Messenger {freeze, +Inv rF- MR+ Int+5} (Okawaru gifted it to you on level 2 of the Shoals)
 29527 | Shoals:2 | Noticed Frances
 29539 | Shoals:2 | Killed Frances
 29552 | Shoals:2 | Found a runed door.
 30195 | Shoals:2 | Reached XP level 18. HP: 122/168 MP: 21/21
 30208 | Shoals:2 | Got a translucent hand axe {freeze}
 30220 | Shoals:2 | Identified the +4 hand axe of the Pyrrhic Victory {freeze, Int+3 Dex+4} (You took it off a merfolk aquamancer on level 2 of the Shoals)
 30788 | Shoals:1 | Received a gift from Okawaru
 30789 | Shoals:1 | Got a slimy chain mail {god gift}
 30794 | Shoals:1 | Identified the +1 chain mail of Spite {rC+} (Okawaru gifted it to you on level 1 of the Shoals)
 31006 | Shoals:1 | Reached skill level 21 in Axes
 31649 | Snake:3  | Noticed a greater naga
 31661 | Snake:3  | Killed a greater naga
 31961 | Snake:3  | Got a pitted ruby amulet
 31962 | Snake:3  | Identified the amulet of Bableyliny {Ward rN+ Dex+3} (You acquired it on level 3 of the Snake Pit)
 32183 | Snake:4  | Noticed Agnes
 32194 | Snake:4  | Killed Agnes
 32510 | Snake:4  | Killed a greater naga
 32784 | Snake:4  | Killed a greater naga
 33132 | Snake:4  | Noticed a greater naga
 33139 | Snake:4  | Killed a greater naga
 33188 | Snake:4  | Killed Vashnia
 33200 | Snake:4  | Got a serpentine rune of Zot
 33736 | D:11     | Received a gift from Okawaru
 34123 | D:11     | Noticed Fannar
 34136 | D:11     | Killed Fannar
 34326 | D:11     | Identified the Almanac of Moulding and Poisoning
 35436 | D:13     | Noticed Maurice
 35536 | D:13     | Reached skill level 22 in Axes
 35544 | D:13     | Found a blossoming altar of Fedhas.
 35549 | D:13     | Found a snail-covered altar of Cheibriados.
 35628 | D:13     | Reached XP level 19. HP: 177/177 MP: 22/22
 35662 | D:13     | Identified the Compendium of Excruciating Enchantment
 35667 | D:13     | Found a gate to the Vaults.
 35908 | D:13     | Found a shattered altar of Ashenzari.
 36853 | D:15     | Entered Level 15 of the Dungeon
 36895 | D:15     | Found a staircase to the Depths.
 36917 | Depths:1 | Entered Level 1 of the Depths
 36978 | Depths:1 | Found a one-way gate to the infinite horrors of the Abyss.
 37060 | D:15     | Found a frozen archway.
 37076 | IceCv    | Entered an ice cave
 37090 | IceCv    | Received a gift from Okawaru
 37657 | IceCv    | Got a steaming arbalest
 37669 | IceCv    | Identified the cursed +2 arbalest "Zosengos" {flame, rElec MR++ MP-9 Stlth+} (You found it in an ice cave)
 37881 | D:15     | Noticed Kaziganthi's ghost (powerful MiBe)
 37916 | D:15     | Killed Kaziganthi's ghost
 38670 | Elf:1    | Entered Level 1 of the Elven Halls
 38788 | Elf:1    | Found Vuppad's Jewellery Boutique.
 38822 | Elf:1    | Bought an uncursed ring of protection from magic for 400 gold pieces
 39201 | Elf:1    | Got a faintly humming cloak
 39212 | Elf:1    | Identified the +1 cloak of Context {*Confuse rN+ Regen+} (You found it on level 1 of the Elven Halls)
 39313 | Elf:1    | Found a radiant altar of Vehumet.
 39700 | Elf:2    | Got a bone glaive
 39770 | Elf:2    | Found a runed gate.
 39770 | Elf:2    | Found a runed gate.
 39770 | Elf:2    | Found a runed gate.
 40097 | Elf:2    | Received a gift from Okawaru
 40218 | Elf:2    | Reached skill level 23 in Axes
 40477 | Elf:3    | Entered Level 3 of the Elven Halls
 40533 | Elf:3    | Noticed Donald
 40542 | Elf:3    | Killed Donald
 40909 | Elf:3    | Found an ancient bone altar of Kikubaaqudgha.
 40968 | Elf:3    | Reached XP level 20. HP: 166/189 MP: 18/24
 40978 | Elf:3    | Cast into the Abyss (a deep elf sorcerer)
 41117 | Abyss:1  | Reached skill level 1 in Evocations
 41492 | Abyss:2  | Gained mutation: Potions and wands are less effective at restoring your health. [a neqoxec]
 41795 | Abyss:2  | Paralysed by accursed screaming for 1 turns
 42054 | Abyss:2  | Found a corrupted altar of Lugonu.
 42328 | Abyss:2  | Found a corrupted altar of Lugonu.
 42473 | Abyss:2  | Paralysed by accursed screaming for 2 turns
 42483 | Abyss:2  | HP: 3/189 [raiju/living lightning (16)]
 42483 | Abyss:2  | Killed from afar by a starcursed mass

Vault maps used:
D:1:      eino_arrival_water_star
D:3:      nicolae_overflow_crystal_walls, tgw_trog
D:4:      forest_paths, uniq_edmund
D:5:      grunt_temple_overflow_gold_and_silver, enter_ossuary_1, basic_altar,
          first_bread, uniq_sigmund
D:6:      nicolae_overflow_hidden_temple, minmay_temple_entry_junction,
          minmay_misc_feat_alley, st_stairs_13
D:7:      kennysheep_mini, xom_shifter_show, the_bakery, uniq_pikel
D:8:      cheibriados_altar_wand_db, ashenzari_altar_1, serial_undead,
          serial_undead_e, serial_undead_e, serial_undead_a, serial_undead_d,
          minmay_holes, uniq_joseph, uniq_grum
D:9:      hangedman_cross_veins, minmay_orc_entry_temple_small, basic_altar
D:10:     lair_0_dummy, grunt_decor_resistance, grunt_ministairs_11
D:11:     minmay_smoke_and_mirrors, hangedman_misty_isle, uniq_fannar
D:12:     serial_glass, glass_columns_c, glass_columns_a, item_on_display_a,
          minmay_strange_pillars
D:13:     david_vaults_1, kennysheep_nondescript, serial_bayou_pond_a,
          minmay_crystal_water, hangedman_feature_mirror,
          fedhas_bush_and_centaur_altar, uniq_maurice
D:14:     minivault_26
D:15:     hangedman_depths_entry_try_elsewhere_first,
          portal_ice_cave_demonic_guard, minivault_23
Lair:1:   basic_altar, worms_lemuel
Lair:2:   enter_volcano_3, uniq_urug
Lair:4:   elwin_shoals_entry_stream, dummy_snake_entry, lemuel_fruit_fields,
          uniq_maud
Lair:5:   beast_lair_carwin_9
Lair:6:   minivault_29, infiniplex_staircase_pool, grunt_megastairs_1
Lair:7:   kennysheep_basilisk_garden
Lair:8:   wormcave, slime_altar_2
Shoals:2: lightli_airlock, uniq_frances
Shoals:3: cheibrodos_shoals_oceanic_diplomacy, uniq_polyphemus
Shoals:4: serial_shops, shop, nicolae_shop_temple_entry_statues_fountains,
          nicolae_shop_waterfront, shop, shoals_end_simple, shoal_ilsuiw,
          nicolae_shoals_isolated_beach
Snake:2:  dpeg_oklob_gauntlet, serial_bayou_shore_a
Snake:3:  serial_bayou_pond_b, serial_bayou_shore_b
Snake:4:  snake_pit, grunt_megastairs_3, uniq_vashnia, uniq_agnes
Orc:1:    nicolae_orc_accident_2, basic_altar, uniq_nergalle
Orc:3:    nicolae_orc_pool_cavern
Orc:4:    grunt_orc_community_town_hall, grunt_orc_community_big_house_1,
          grunt_orc_community_big_house_2, grunt_orc_community_house_1,
          grunt_orc_community_house_1, grunt_orc_community_house_1,
          grunt_orc_community_house_2, grunt_orc_community_house_1,
          serial_shops, nicolae_shop_temple_entry_statues_fountains
Elf:1:    minmay_elf_arrival_summoners, basic_altar, serial_shops, shop,
          orc_legates
Elf:3:    minmay_elf_hall, basic_altar, uniq_donald
Depths:1: lemuel_crystal_altar, grunt_hell_entry_demonic_statue, pan_entry,
          abyss_entry, minmay_misc_feat_pillars,
          hangedman_abyss_or_decor_lesser_grid, nicolae_blasting_shop,
          firewood_loft, serial_bayou_shore_b, grunt_megastairs_2
Ossuary:  ossuary_due_pyramid
IceCv:    ice_cave_caverns_03
Volcano:  volcano_aerie

Action                   |  1- 3 |  4- 6 |  7- 9 | 10-12 | 13-15 | 16-18 | 19-21 || total
-------------------------+-------+-------+-------+-------+-------+-------+-------++-------
Melee: War axe           |    84 |   100 |   326 |    21 |  1063 |  1304 |   927 ||  3825
       Hand axe          |       |       |   102 |   812 |     7 |       |       ||   921
Throw: Throwing net      |       |       |       |       |       |     1 |       ||     1
Invok: Heroism           |       |       |     2 |     8 |    12 |    10 |     4 ||    36
       Finesse           |       |       |       |     4 |     5 |     3 |     2 ||    14
 Abil: Evoke Invisibilit |       |       |       |       |       |     3 |       ||     3
Evoke: Wand              |       |       |       |     4 |       |     2 |     1 ||     7
       Lamp of fire      |       |       |       |       |       |       |     1 ||     1
  Use: Scroll            |     4 |     5 |     7 |     8 |     9 |    32 |     6 ||    71
       Potion            |       |     1 |    10 |     2 |     5 |     7 |     1 ||    26
 Stab: Invisible         |       |       |       |       |       |     5 |       ||     5
       Petrified         |       |       |       |       |       |     4 |       ||     4
       Petrifying        |       |       |       |       |       |     1 |       ||     1
  Eat: Chunk             |     2 |     4 |    16 |    37 |    27 |    40 |    20 ||   146
       Royal jelly       |       |       |     1 |       |       |       |       ||     1
       Fruit             |       |       |     4 |       |       |       |       ||     4
       Bread ration      |       |       |     3 |       |       |     1 |     1 ||     5
       Meat ration       |       |       |     1 |       |     1 |       |       ||     2
